AoeStats
← 极地沙尘暴

Arena

507250227Analyzed
1v1 RM · 15d ago on Sep 17, 2026· 43m 26s· 2 players
Game mode
Random Map
Map size
Tiny (2 player)
Population
200
Speed
Normal
Resources
Standard
Victory
Conquest
Starting age
Dark Age
Ending age
Imperial Age
RankedLock teamsTeams togetherTeam positionsShared explorationLock speedFull tech treeHidden civsTurbo modeCheats
Victory
Defeat
🇹🇷 Spanish · Türkiye
1565
+12
🇨🇳 Slavs · China
1486
-12
极地沙尘暴
10:48 Feudal Age
14:47 Castle Age
12:41 Double-Bit Axe
12:52 Horse Collar
16:37 Bow Saw
17:29 Heavy Plow
18:10 Loom
19:11 Sanctity
19:20 Gold Mining
22:30 Elite Skirmisher
23:06 Fletching
24:02 Wheelbarrow
28:38 Imperial Age
27:59 Gold Shaft Mining
27:52 Bodkin Arrow
27:58 Padded Archer Armor
28:59 Ballistics
31:08 Leather Archer Armor
31:52 Scale Barding Armor
31:57 Forging
32:00 Bloodlines
31:51 Husbandry
32:56 Chemistry
31:22 Light Cavalry
33:31 Chain Barding Armor
33:14 Husbandry
42:03 Capped Ram
43:06 Hand Cart
42:47 Capped Ram
engincetin585858
10:01 Feudal Age
14:17 Castle Age
12:43 Double-Bit Axe
18:17 Horse Collar
19:45 Loom
22:21 Town Watch
26:15 Imperial Age
24:05 Padded Archer Armor
24:33 Heavy Plow
25:07 Leather Archer Armor
25:22 Gold Mining
27:15 Bloodlines
29:13 Chemistry
28:43 Fletching
30:48 Masonry
31:32 Ring Archer Armor
32:17 Bodkin Arrow
33:01 Bracer
35:09 Conscription
38:17 Ballistics
38:28 Architecture
Connection lost

Rejoining the realm…

Still unreachable

The connection could not be restored.

Session expired

The server has moved on; the page needs a fresh start.